 Dungeon Crawl Stone Soup version 0.29.1-12-g30fa7ad0bf (webtiles) character file.

Game seed: 13986898816440058501

84 MisterFreud the Twirler (level 4, -5/33 HPs)
             Began as a Formicid Gladiator on Dec 27, 2022.
             Splashed by a jelly's acid (10 damage)
             ... on level 4 of the Dungeon.
             The game lasted 00:01:05 (1229 turns).

MisterFreud the Twirler (Formicid Gladiator)        Turns: 1229, Time: 00:01:05

Health: -5/33      AC: -13   Str: 21    XL:     4   Next: 74%
Magic:  4/4        EV: 12    Int:  7    God:
Gold:   95         SH:  0    Dex: 15    Spells: 3/3 levels left

rFire   . . .      SeeInvis +   a - +0 quarterstaff
rCold   . . .      Faith    .   (no shield)
rNeg    . . .      Spirit   .   b - +0 leather armour
rPois   .          Reflect  .   (helmet unavailable)
rElec   .          Harm     .   (no cloak)
rCorr   .          Rampage  .   (no gloves)
Will    .....                   (no boots)
Stlth   +.........              (no amulet)
HPRegen 0.11/turn               (no ring)
MPRegen 0.09/turn               (no ring)

@: corroded
A: permanent stasis, dig shafts and tunnels, antennae 3, four strong arms
a: Dig, Shaft Self


You were on level 4 of the Dungeon.
You visited 1 branch of the dungeon, and saw 3 of its levels.

You collected 95 gold pieces.

Inventory:

Hand Weapons
 a - a +0 quarterstaff (weapon)
Missiles
 c - 3 throwing nets (quivered)
 d - a javelin
 h - 6 boomerangs
 j - 5 poisoned darts
Armour
 b - a +0 leather armour (worn)
Potions
 e - a potion of heal wounds


   Skills:
 - Level 2.1 Fighting
 + Level 5.1 Staves
 - Level 2.0 Throwing
 - Level 2.6 Dodging


You had 3 spell levels left.
You didn't know any spells.
Your spell library was empty.

Dungeon Overview and Level Annotations

Branches:
Dungeon (2/15)

Altars:


Innate Abilities, Weirdness & Mutations

You cannot be hasted, slowed, berserked, paralysed or teleported.
You can dig through walls and to a lower floor.
You have a pair of large antennae on your head. (SInv)
Your four strong arms can wield two-handed weapons with a shield.


Message History

The hobgoblin is heavily wounded.
The hobgoblin closely misses you.
A hobgoblin is nearby!
You hit the hobgoblin.
You kill the hobgoblin!
Found a stone staircase leading up.
No target in view!
You now have 95 gold pieces (gained 20).
You open the door.
The jelly quivers.
You sense a monster nearby.
No reachable target in view!
A giant cockroach and a kobold come into view.
You hear a slurping noise.
The jelly eats the door!
The kobold moves out of view.
You sock the jelly! The acid corrodes you!
Your hands burn!
The jelly is moderately wounded.
The jelly hits you. The acid corrodes you!
You are splashed with acid!
You hit the jelly but do no damage.
Your hands burn!
The jelly is moderately wounded.
The jelly barely misses you.
You are too injured to fight recklessly!
You are too injured to fight recklessly!
You hit the jelly. The acid corrodes you!
Your hands burn!
The jelly is heavily wounded.
The jelly closely misses you. The jelly barely misses you.
You hit the jelly but do no damage. The acid corrodes you!
Your hands burn!
* * * LOW HITPOINT WARNING * * *
The jelly is heavily wounded.
The kobold hits you with a +0 short sword.
* * * LOW HITPOINT WARNING * * *
The jelly closely misses you. The kobold attacks as you move away!
The kobold hits you with a +0 short sword.
* * * LOW HITPOINT WARNING * * *
The jelly misses you. The jelly attacks as you move away! The jelly hits you.
* * * LOW HITPOINT WARNING * * *
The acid corrodes you!
You are splashed with acid!
You die...

+######## ........#
#+#####.#
....###.################
.....##.................
#.....#..###############
##....#@## ###...JK#
####..#.# #.###.#B'
#..####.#. '...###....
#....##.. .. #.....#..
... ##....#... ...


You could see a jelly, a giant cockroach and a kobold.

Vanquished Creatures
  A scorpion (D:4)
  An adder (D:2)
  2 ball pythons
  3 bats
  An endoplasm (D:2)
  2 giant cockroaches
  3 goblins
  A hobgoblin (D:4)
  A quokka (D:4)
  A frilled lizard (D:1)
  A kobold (D:1)
  2 rats
19 creatures vanquished.

Vanquished Creatures (others)
  2 plants (D:1)
2 creatures vanquished.

Grand Total: 21 creatures vanquished

Notes
Turn   | Place    | Note
-------+----------+-------------------------------------------
     0 | D:1      | MisterFreud the Formicid Gladiator began the quest for the
                  | Orb.
     0 | D:1      | Reached XP level 1. HP: 16/16 MP: 1/1
   262 | D:1      | Found a faded altar of an unknown god.
   361 | D:1      | Reached XP level 2. HP: 20/22 MP: 2/2
   909 | D:2      | Reached skill level 4 in Staves
   909 | D:2      | Reached XP level 3. HP: 18/27 MP: 3/3
  1109 | D:2      | You fall into a shaft and drop 2 floors!
  1112 | D:4      | Noticed a scorpion
  1122 | D:4      | Killed a scorpion
  1123 | D:4      | Reached skill level 5 in Staves
  1123 | D:4      | Reached XP level 4. HP: 33/33 MP: 4/4
  1229 | D:4      | Splashed by a jelly's acid

Illustrated notes

Levels and vault maps discovered:
D:1:      wander_arrival_peaceful_grave, layout_basic, basic_ecumenical_altar,
          serial_bayou_crossing
D:2:      layout_loops_ring, minmay_unequal
D:4:      minmay_chambers_of_twos, layout_basic, minmay_misc_feat_ornament,
          minmay_quadrilaterals

Skill      XL: |  1  2  3 |
---------------+----------+-----
Staves         | 4 5 |  5.1
Fighting       | |  2.1
Throwing       | |  2.0
Dodging        | |  2.6

Action                   |  1- 3 |  4- 6 || total
-------------------------+-------+-------++-------
Melee: Quarterstaff      |    51 |     8 ||    59
       Punch             |     1 |       ||     1
  Use: Scroll            |     3 |       ||     3
 Stab: Sleeping          |     2 |       ||     2
Armor: Leather armour    |    17 |     1 ||    18
Dodge: Dodged            |    49 |     8 ||    57
